 Dungeon Crawl Stone Soup version 0.31-a0-1008-g5b978dac0e (webtiles) character file.

Game seed: 7015697334148196276

30 tilp the Sneak (level 3, 0/26 HPs)
             Began as a Vampire Enchanter on Nov 12, 2023.
             Slain by a frilled lizard (3 damage)
             ... on level 2 of the Dungeon.
             The game lasted 00:01:02 (940 turns).

tilp the Sneak (Vampire Enchanter)                   Turns: 940, Time: 00:01:03

Health: 0/26       AC:  2    Str:  7    XL:     3   Next: 5%
Magic:  1/6        EV: 12    Int: 19    God:
Gold:   30         SH:  0    Dex: 14    Spells: 1/6 levels left

rFire   . . .        a - +1 dagger
rCold   . . .        (no shield)
rNeg    . . .        b - +0 robe
rPois   .            (no helmet)
rElec   .            (no cloak)
rCorr   .            (no gloves)
SInv    +            (no boots)
Will    .....        (no amulet)
Stlth   +++          (no ring)
HPRegen 0.44/turn    (no ring)
MPRegen 0.10/turn

%: no passive effects
@: healing quickly
A: alive, fangs 3, see invisible, vampiric 2
a: Exsanguinate


You were on level 2 of the Dungeon.
You visited 1 branch of the dungeon, and saw 2 of its levels.

You collected 30 gold pieces.

Inventory:

Hand Weapons
 a - a +1 dagger (weapon)
Armour
 b - a +0 robe (worn)
Scrolls
 d - 2 scrolls of vulnerability {unknown}
 e - a scroll of teleportation {unknown}
 f - a scroll of identify {unknown}
 g - a scroll of fear {unknown}
Potions
 c - 2 potions of invisibility
 h - 2 potions of heal wounds {unknown}


   Skills:
 * Level 1.0 Fighting
 * Level 2.0 Short Blades
 + Level 2.5 Dodging
 + Level 4.6 Stealth
 + Level 2.1 Spellcasting
 + Level 4.6 Hexes


You had one spell level left.
You knew the following spells:

 Your Spells              Type           Power      Damage    Failure   Level
a - Ensorcelled Hibernat  Hex/Ice        20%        N/A       10%         2
b - Confusing Touch       Hex            19%        N/A       8%          3

Your spell library contained the following spells:

 Spells                   Type           Power      Damage    Failure   Level
 Slow                     Hex            76%        N/A       2%          1
 Sigil of Binding         Hex            19%        N/A       8%          3
 Tukima's Dance           Hex            19%        N/A       8%          3
 Dazzling Flash           Conj/Hex       20%        N/A       19%         3
 Vampiric Draining        Necr           2%         2d6       45%         3


Dungeon Overview and Level Annotations

Branches:
Dungeon (2/15)

Altars:

Annotations:
D:2 Natasha


Innate Abilities, Weirdness & Mutations

Your natural rate of healing is accelerated.
You have razor-sharp teeth.
You have supernaturally acute eyesight. (SInv)
You are afflicted with vampirism and can become a bat while bloodless.


Message History

Natasha misses you.
Casting: Ensorcelled Hibernation (safe; 10% risk of failure)
Confirm with . or Enter, or press ? or * to list all spells.
Aiming: Ensorcelled Hibernation (safe; 10% risk of failure)
Press: ? - help, Shift-Dir - straight line, f/p - Natasha
Aim: Natasha (lightly wounded, chance to affect: 44%) Natasha resists with some effort.
The frilled lizard misses you. Natasha claws you!
Unknown command.
You closely miss Natasha. You bite Natasha, but do no damage.
Natasha is lightly wounded.
The frilled lizard bites you. Natasha closely misses you.
You hit Natasha but do no damage.
Natasha is lightly wounded.
The frilled lizard bites you.
You hit Natasha. Your bite misses Natasha.
Natasha is moderately wounded.
Natasha casts a spell.
The frilled lizard closely misses you.
The frilled lizard attacks as it pursues you!
The frilled lizard barely misses you. The cerulean imp barely misses you.
Natasha claws you.
The frilled lizard attacks as it pursues you!
The frilled lizard bites you but does no damage.
The cerulean imp barely misses you. Natasha attacks as she pursues you!
Natasha misses you.
The frilled lizard attacks as it pursues you!
The frilled lizard closely misses you. Natasha attacks as she pursues you!
Natasha claws you.
The cerulean imp hits you from afar with a +1 spear.
* * * LOW HITPOINT WARNING * * *
The frilled lizard attacks as it pursues you!
The frilled lizard bites you but does no damage.
Natasha claws you.
* * * LOW HITPOINT WARNING * * *
There is a stone staircase leading up here.
The cerulean imp hits you from afar with a +1 spear.
* * * LOW HITPOINT WARNING * * *
The frilled lizard bites you.
You die...

####### #######.....#
###....##.....#
.>.....##.....### ###
#....##........
###...#.l..##......[.
.......@h5...........
....#.###.........###
. #..............#
####...........#
#...........#
#.......#.#.#
#.......#.###
######... .


You could see Natasha, a cerulean imp (summoned) and a frilled lizard.

Vanquished Creatures
  2 dart slugs (D:1)
  A ball python (D:1)
  3 endoplasms (D:1)
  A giant cockroach (D:1)
  2 hobgoblins (D:1)
  4 jackals (D:1)
  A kobold (D:1)
  2 quokkas (D:1)
  2 bats (D:1)
  A frilled lizard (D:1)
  2 goblins (D:1)
  2 rats (D:1)
23 creatures vanquished.

Notes
Turn   | Place    | Note
-------+----------+-------------------------------------------
     0 | D:1      | tilp the Vampire Enchanter began the quest for the Orb.
     0 | D:1      | Reached XP level 1. HP: 13/13 MP: 3/3
     0 | D:1      | Noticed a tentacled monstrosity
     4 | D:1      | Noticed an orb of fire
     6 | D:1      | Noticed an iron dragon
     7 | D:1      | Noticed an iron dragon
     9 | D:1      | Noticed an ice dragon
    11 | D:1      | Noticed a tentacled monstrosity
    11 | D:1      | Noticed an orb of fire
    13 | D:1      | Noticed an ice dragon
    15 | D:1      | Noticed a shadow dragon
    15 | D:1      | Noticed an ice dragon
    15 | D:1      | Noticed a shadow dragon
    17 | D:1      | Noticed an orb of fire
    17 | D:1      | Noticed a large abomination
    17 | D:1      | Noticed an orb of fire
    19 | D:1      | Noticed a shadow dragon
    19 | D:1      | Noticed a tentacled monstrosity
   146 | D:1      | Reached XP level 2. HP: 20/20 MP: 5/5
   149 | D:1      | Learned a level 2 spell: Ensorcelled Hibernation
   456 | D:1      | Reached skill level 1 in Fighting
   464 | D:1      | Gained mutation: You are afflicted with vampirism and can
                  | become a bat while bloodless. [Vampire growth]
   464 | D:1      | Reached XP level 3. HP: 11/26 MP: 1/6
   468 | D:1      | Learned a level 3 spell: Confusing Touch
   922 | D:2      | Noticed Natasha
   940 | D:2      | Slain by a frilled lizard

Illustrated notes

Levels and vault maps discovered:
D:1:      shiori_arrival_whats_in_store_for_you, layout_basic
D:2:      cheibrodos_fertilizer, layout_basic, uniq_natasha

Skill      XL: |  1  2 |
---------------+-------+-----
Short Blades   | 2 |  2.0
Fighting       | 1 |  1.0
Dodging        | |  2.5
Stealth        | |  4.6
Spellcasting   | |  2.1
Hexes          | |  4.6

Action                     || total
---------------------------++-------
  Melee: Dagger            ||    84
         Bite              ||     7
         Punch             ||     1
   Cast: Ensorcelled Hiber ||     5
   Stab: Sleeping          ||     8
 Armour: Robe              ||    45
  Dodge: Dodged            ||    59

Table legend: (Time is in decaauts)
 A = Elapsed time spent in this place.
 B = Non-inter-level travel time spent in this place.
 C = Inter-level travel time spent in this place.
 D = Time resting spent in this place.
 E = Time spent auto-exploring this place.
 F = Levels seen in this place.
 G = Mean time per level.
                   A        B        C        D        E       F      G
               +--------+--------+--------+--------+--------+-----+--------+
         Total |    933 |    910 |     23 |      0 |    728 |   2 |  466.5 |
       Dungeon |    933 |    910 |     23 |      0 |    728 |   2 |  466.5 |
               +--------+--------+--------+--------+--------+-----+--------+

Top non-repeatable levels by time:
     D:1: 913 daAuts
     D:2: 19 daAuts
